 Dungeon Crawl Stone Soup version 0.27-a0-1158-gaa87e14f67 (webtiles) character file.

Game seed: 2647496289492999762

9279 gerangelov the Cleaver (level 11, -5/111 HPs)
             Began as a Minotaur Fighter on May 14, 2021.
             Was an Elder of the Shining One.
             Slain by a six-headed hydra (11 damage)
             ... on level 11 of the Dungeon on May 15, 2021.
             The game lasted 00:59:52 (10025 turns).

gerangelov the Cleaver (Minotaur Fighter)          Turns: 10025, Time: 00:59:53

Health: -5/111     AC: 12    Str: 29    XL:     11   Next: 21%
Magic:  8/10       EV:  9    Int:  5    God:    the Shining One [****..]
Gold:   700        SH: 21    Dex: 11    Spells: 10/10 levels left

rFire    . . .     SeeInvis .   S - +0 mace
rCold    . . .     Faith    .   c - +0 kite shield
rNeg     + + .     Spirit   .   u - +0 plate armour
rPois    .         Reflect  +   (helmet restricted)
rElec    .         Harm     .   x - +0 cloak
rCorr    .         Rampage  .   (no gloves)
Will     .....                  (no boots)
Stlth    ..........             v - amulet of reflection
HPRegen  0.28/turn              P - +4 ring of evasion
MPRegen  0.12/turn              O - +6 ring of strength

@: divinely shielded, glowing
A: horns 2, retaliatory headbutt
a: Renounce Religion, Divine Shield, Cleansing Flame


You were on level 11 of the Dungeon.
You worshipped the Shining One.
The Shining One was greatly pleased with you.
You visited 1 branch of the dungeon, and saw 11 of its levels.
You also visited: Sewer and Ossuary.

You collected 700 gold pieces.

Inventory:

Hand Weapons
 a - a +0 war axe
 F - a +5 battleaxe of freezing
 S - a +0 mace (weapon)
Missiles
 r - 7 curare-tipped darts (quivered)
 y - 5 throwing nets
 z - 6 atropa-tipped darts
Armour
 c - a +0 kite shield (worn)
 u - a +0 plate armour (worn)
 x - a +0 cloak (worn)
 D - the +0 scale mail "Ryxiz" {rElec rN+ Slay+3}
   (You found it on level 7 of the Dungeon)

   It affects your accuracy and damage with ranged weapons and melee attacks
   (+3).
   It insulates you from electricity.
   It protects you from negative energy.
Jewellery
 h - a ring of poison resistance
 s - a ring of protection from cold
 v - an amulet of reflection (around neck)
 L - a ring of wizardry
 O - a +6 ring of strength (right hand)
 P - a +4 ring of evasion (left hand)
 R - an amulet of magic regeneration
Wands
 C - a wand of iceblast (23)
 N - a wand of polymorph (6)
 Q - a wand of paralysis (9)
Scrolls
 b - a scroll of blinking {unknown}
 e - a scroll of silence {unknown}
 f - 7 scrolls of amnesia
 g - 6 scrolls of teleportation
 n - 2 scrolls of brand weapon {unknown}
 p - 3 scrolls of enchant armour
 q - a scroll of identify
 t - 2 scrolls of fear {unknown}
 A - 2 scrolls of enchant weapon {unknown}
 B - a scroll of immolation {unknown}
 G - 2 scrolls of noise {unknown}
 J - 2 scrolls of torment {unknown}
 M - 3 scrolls of vulnerability
Potions
 d - 2 potions of might
 i - 3 potions of flight
 j - 2 potions of attraction {unknown}
 k - 2 potions of brilliance {unknown}
 l - 2 potions of ambrosia {unknown}
 o - 5 potions of curing
 w - a potion of cancellation {unknown}
 E - 2 potions of lignification {unknown}
 H - a potion of invisibility {unknown}
 I - a potion of degeneration {unknown}
 K - a potion of mutation {unknown}


   Skills:
 + Level 14.3 Fighting
 + Level 14.4 Axes
 - Level 3.6 Armour
 - Level 0.7 Dodging
 - Level 3.6 Shields


You had 10 spell levels left.
You didn't know any spells.
Your spell library contained the following spells:

 Spells                   Type           Power      Damage    Failure   Level
 Sandblast                Erth           0%         2d4       100%        1
 Shock                    Conj/Air       0%         1d3       100%        1
 Passwall                 Tmut/Erth      0%         N/A       100%        2
 Static Discharge         Conj/Air       0%         N/A       100%        2
 Stone Arrow              Conj/Erth      0%         3d7       100%        3
 Swiftness                Air            0%         N/A       100%        3
 Airstrike                Air            0%         N/A       100%        4
 Petrify                  Tmut/Erth      0%         N/A       100%        4
 Lee's Rapid Deconstruct  Erth           0%         3d5*      100%        5
 Lightning Bolt           Conj/Air       0%         1d11      100%        5


Dungeon Overview and Level Annotations

Branches:
Dungeon (11/15)            Temple (0/1) D:7            Lair (0/6) D:9
  Sewer (visited)         Ossuary (visited)
    Orc: D:9-12

Altars:
Ashenzari
Dithmenos
Gozag
Hepliaklqana
Nemelex Xobeh
Okawaru
Qazlal
Sif Muna
Vehumet
Xom
Yredelemnul
Zin
The Shining One

Shops:
D:2 (   D:7 [   D:9 *

Annotations:
D:10 1 runed translucent door, waddelsworth's ghost, journeyman GnCj


Innate Abilities, Weirdness & Mutations

You have a pair of horns on your head.
You reflexively headbutt those who attack you in melee.


Message History

The troll bites you.
* * * LOW HITPOINT WARNING * * *
The troll claws you but does no damage. You block the troll's attack.
The six-headed hydra bites you!
* * * LOW HITPOINT WARNING * * *
You block the six-headed hydra's attack.
The six-headed hydra bites you.
* * * LOW HITPOINT WARNING * * *
The six-headed hydra closely misses you.
The six-headed hydra bites you but does no damage.
You block the six-headed hydra's attack.
You feel much better. The troll bites you! You block the troll's attack. x2
The six-headed hydra bites you.
You block the six-headed hydra's attack.
The six-headed hydra barely misses you. The six-headed hydra bites you!
* * * LOW HITPOINT WARNING * * *
The six-headed hydra bites you but does no damage.
The six-headed hydra closely misses you.
You sock the six-headed hydra!
The six-headed hydra is almost dead.
You block the troll's attack. The troll claws you.
* * * LOW HITPOINT WARNING * * *
The troll claws you.
* * * LOW HITPOINT WARNING * * *
You block the six-headed hydra's attack.
The six-headed hydra misses you. The six-headed hydra bites you.
* * * LOW HITPOINT WARNING * * *
The six-headed hydra barely misses you.
The six-headed hydra bites you but does no damage. x2
You completely miss the six-headed hydra.
Your headbutt misses the six-headed hydra.
The six-headed hydra is almost dead.
The troll bites you but does no damage. The troll claws you.
* * * LOW HITPOINT WARNING * * *
You block the troll's attack. The six-headed hydra bites you!
* * * LOW HITPOINT WARNING * * *
You block the six-headed hydra's attack. x3
The six-headed hydra closely misses you.
The six-headed hydra bites you!
You die...

.......................####
#########'#######T###.......#
#...................#.......#
+..........[.....D..#.......#
#...................#.......####
.###'###.............#.......##'#
.......##########....#...........
................###'###'#####....
...............D@T....#.....#....
#.....................#.....#....
#......†..............#.....#....
#.....................#######....
#......>......................###
#####+#.........######........#
#######+### #........# #........#
#........#


You could see a six-headed hydra and a troll.

Vanquished Creatures
  Josephine (D:10)
  Fannar (D:10)
  Erolcha (D:10)
  A two-headed ogre (D:9)
  A manticore (D:11)
  2 trolls
  3 shadows
  A wyvern (D:7)
  A vampire (D:9)
  4 yaks (D:10)
  6 wraiths (D:10)
  A steam dragon (D:9)
  2 water moccasins
  An orc warrior (D:7)
  2 ice beasts
  2 black bears (D:6)
  3 centaurs
  3 ogres
  A kobold brigand (D:9)
  A phantom (D:5)
  3 bullfrogs
  A gnoll sergeant (D:9)
  3 scorpions
  9 wights
  A lava snake (D:8)
  4 centaur zombies
  A bullfrog zombie (D:5)
  2 centaur skeletons (D:6)
  4 hounds
  3 gnoll shamans
  3 orc priests
  A bullfrog skeleton (D:6)
  Natasha (D:3)
  3 orc wizards
  2 hound skeletons (D:4)
  8 mummies (Ossuary)
  17 gnolls
  2 howler monkey zombies (D:7)
  12 adders
  A shadow imp (D:5)
  2 white imps (D:7)
  An ufetubus (D:6)
  An adder skeleton (D:4)
  A dart slug (D:1)
  18 orcs
  7 bats
  7 endoplasms
  6 giant cockroaches
  A gnoll zombie (Ossuary)
  9 hobgoblins
  21 jackals
  9 quokkas
  6 ball pythons
  5 frilled lizards
  7 goblins
  6 hobgoblin zombies (Ossuary)
  6 kobolds
  An orc zombie (Ossuary)
  4 rats
237 creatures vanquished.

Notes
Turn   | Place    | Note
-------+----------+-------------------------------------------
     0 | D:1      | gerangelov the Minotaur Fighter began the quest for the
                  | Orb.
     0 | D:1      | Reached XP level 1. HP: 19/19 MP: 0/0
    78 | D:1      | Reached XP level 2. HP: 26/26 MP: 1/1
   350 | D:1      | Reached XP level 3. HP: 23/31 MP: 2/2
   596 | D:2      | Noticed an ogre
   606 | D:2      | Killed an ogre
   607 | D:2      | Reached skill level 5 in Axes
   607 | D:2      | Reached XP level 4. HP: 7/41 MP: 3/3
  1031 | D:2      | Found Xyopna's Antique Weapon Shop.
  1101 | D:2      | Reached XP level 5. HP: 47/47 MP: 4/4
  1147 | D:2      | Found a stormy altar of Qazlal.
  1475 | D:3      | Reached skill level 5 in Fighting
  1705 | D:3      | Noticed Natasha
  1713 | D:3      | Killed Natasha
  1992 | D:3      | Found a glowing golden altar of the Shining One.
  1998 | D:3      | Became a worshipper of the Shining One
  2043 | D:3      | Found a faded altar of an unknown god.
  2094 | D:3      | You fall into a shaft and drop 1 floor!
  2138 | D:4      | Found a glowing drain.
  2340 | D:4      | Reached XP level 6. HP: 43/57 MP: 5/5
  2615 | Sewer    | Entered a sewer
  3123 | D:5      | Entered Level 5 of the Dungeon
  3209 | D:5      | Reached XP level 7. HP: 64/64 MP: 6/6
  3221 | D:5      | Reached * piety under the Shining One
  3879 | D:6      | Found a shadowy altar of Dithmenos.
  3956 | D:6      | Reached XP level 8. HP: 75/75 MP: 7/7
  4067 | D:6      | Reached ** piety under the Shining One
  4752 | D:7      | Reached skill level 10 in Fighting
  4752 | D:7      | Reached skill level 10 in Axes
  4852 | D:7      | Reached XP level 9. HP: 72/85 MP: 8/8
  4964 | D:7      | Found a staircase to the Ecumenical Temple.
  5055 | D:7      | Identified the +0 scale mail "Ryxiz" {rElec rN+ Slay+3}
  5079 | D:7      | Found a broken altar of Ashenzari.
  5330 | D:7      | Found Fuob's Armour Shop.
  5548 | D:7      | Upgraded the game from 0.27-a0-1154-gfdeffcb720 to
                  | 0.27-a0-1158-gaa87e14f67
  6122 | D:8      | Found a sand-covered staircase.
  6225 | Ossuary  | Entered an ossuary
  6227 | Ossuary  | Reached *** piety under the Shining One
  6705 | D:8      | Found a shimmering altar of Xom.
  6707 | D:8      | Found an opulent altar of Gozag.
  6707 | D:8      | Found a shimmering altar of Xom.
  6709 | D:8      | Found a hazy altar of Hepliaklqana.
  6709 | D:8      | Found a shadowy altar of Dithmenos.
  6709 | D:8      | Found a shimmering blue altar of Sif Muna.
  6769 | D:8      | Found a glowing silver altar of Zin.
  7228 | D:9      | Reached **** piety under the Shining One
  7247 | D:9      | Found a stormy altar of Qazlal.
  7248 | D:9      | Found a basalt altar of Yredelemnul.
  7248 | D:9      | Found an iron altar of Okawaru.
  7274 | D:9      | Found Toguixen's Changing Room.
  7339 | D:9      | Noticed a troll
  7345 | D:9      | Killed a troll
  7524 | D:9      | Found a staircase to the Lair.
  7690 | D:9      | Found an opulent altar of Gozag.
  7690 | D:9      | Found a sparkling altar of Nemelex Xobeh.
  7988 | D:9      | Noticed a two-headed ogre
  7995 | D:9      | Killed a two-headed ogre
  7996 | D:9      | Reached XP level 10. HP: 73/99 MP: 5/9
  8419 | D:10     | Entered Level 10 of the Dungeon
  8576 | D:10     | Noticed Josephine
  8622 | D:10     | Killed Josephine
  8729 | D:10     | Noticed Fannar
  8746 | D:10     | Killed Fannar
  9065 | D:10     | Noticed Erolcha
  9070 | D:10     | Killed Erolcha
  9071 | D:10     | Reached XP level 11. HP: 110/110 MP: 10/10
  9111 | D:10     | Found a runed translucent door.
  9112 | D:10     | Found a shimmering altar of Xom.
  9112 | D:10     | Noticed waddelsworth's ghost (journeyman GnCj)
  9112 | D:10     | Noticed a +2 rapier of chaos
  9150 | D:10     | Found a radiant altar of Vehumet.
  9854 | D:11     | Found an iron altar of Okawaru.
  9919 | D:11     | Noticed a six-headed hydra
 10025 | D:11     | Slain by a six-headed hydra

Illustrated notes

Levels and vault maps discovered:
D:1:      lemuel_arrival_behind_the_door_small, layout_rooms
D:2:      layout_basic, basic_altar, serial_shops, nicolae_shop_behind_doors
D:3:      layout_rooms, lemuel_crystal_altar, nicolae_overflow_hidden_temple,
          fedhas_altar_4, shapermc_ecumenical_altar_totnotflames, st_stairs_12,
          uniq_natasha
D:4:      layout_rooms, portal_sewer_entry_d
D:5:      layout_rooms, patterned_corridor
D:6:      layout_loops_ring, nicolae_dithmenos_through_a_glass_darkly,
          minmay_parallelograms, amcnicky_mini_corridor_feature
D:7:      layout_loops_ring, evilmike_ruin_ashenzari, minmay_temple_entry_hall,
          serial_shops, shop_fountains
D:8:      layout_loops_ring, zin_treasury, doesnt_xom_only_xom, serial_rivers,
          chequers_serial_rivers_micro_b, chequers_serial_rivers_marsh,
          chequers_serial_rivers_micro_a, chequers_serial_rivers_small_b,
          enter_ossuary_1, minivault_11, kennysheep_cluttered_room,
          amcnicky_mini_pool_small
D:9:      layout_stronghold, grunt_temple_overflow_opulence,
          gammafunk_temple_overflow_forgotten, dpeg_oklobed_lair,
          nicolae_transmutations_shop
D:10:     layout_stronghold, kennysheep_mini_moat, ebering_ghost_xom,
          uniq_erolcha, uniq_josephine, uniq_fannar
D:11:     minmay_octagon_keep, layout_gridville, david_orc_3, serial_shops,
          nicolae_shop_statue_plus, okawaru_metal_pillars_1_2

Skill      XL: |  1  2  3  4  5  6  7  8  9 10 |
---------------+-------------------------------+-----
Axes           | 3 4 5 6 7 8 10 12 14 | 14.4
Fighting       | 4 5 6 8 10 12 14 | 14.3
Armour         | |  3.6
Dodging        | |  0.7
Shields        | |  3.6

Action                   |  1- 3 |  4- 6 |  7- 9 | 10-12 || total
-------------------------+-------+-------+-------+-------++-------
Melee: War axe           |    65 |   152 |   135 |       ||   352
       Headbutt          |     4 |    21 |    40 |    13 ||    78
       Battleaxe         |       |       |    57 |    60 ||   117
       Mace              |       |       |       |     7 ||     7
Throw: Dart              |       |       |       |     2 ||     2
Invok: Divine Shield     |       |       |     4 |     2 ||     6
  Use: Scroll            |     1 |     2 |     3 |     2 ||     8
       Potion            |       |       |       |     3 ||     3
Armor: Scale mail        |    22 |    53 |    25 |    23 ||   123
       Plate armour      |       |    25 |    57 |    17 ||    99
Dodge: Dodged            |    21 |    37 |    43 |    36 ||   137
Block: Kite shield       |    45 |    78 |    79 |    32 ||   234
       Other             |       |       |    17 |    13 ||    30
       Reflection        |       |       |     1 |       ||     1

Table legend: (Time is in decaauts)
 A = Elapsed time spent in this place.
 B = Non-inter-level travel time spent in this place.
 C = Inter-level travel time spent in this place.
 D = Time resting spent in this place.
 E = Time spent auto-exploring this place.
 F = Levels seen in this place.
 G = Mean time per level.
                   A        B        C        D        E       F      G
               +--------+--------+--------+--------+--------+-----+--------+
         Total |  10238 |   9609 |    629 |   1279 |   6772 |  13 |  787.5 |
       Dungeon |   9710 |   9081 |    629 |   1225 |   6481 |  11 |  882.7 |
         Sewer |    368 |    368 |      0 |     54 |    195 |   1 |  368.0 |
       Ossuary |    159 |    159 |      0 |      0 |     96 |   1 |  159.0 |
               +--------+--------+--------+--------+--------+-----+--------+

Top non-repeatable levels by time:
     D:8: 1399 daAuts
     D:9: 1273 daAuts
    D:10: 1157 daAuts
     D:2: 1030 daAuts
     D:6: 917 daAuts
     D:7: 916 daAuts
     D:4: 736 daAuts
     D:5: 694 daAuts
     D:1: 627 daAuts
     D:3: 505 daAuts
    D:11: 451 daAuts
   Sewer: 368 daAuts
 Ossuary: 159 daAuts
